 Dungeon Crawl Stone Soup version 0.20-a0-208-g55166f7 (webtiles) character file.

214766 feito the Fencer (level 19, -4/127 HPs)
             Began as a Tengu Berserker on Nov 24, 2016.
             Was a High Priest of Trog.
             Slain by an entropy weaver (17 damage)
             ... on level 3 of the Spider Nest on Nov 25, 2016.
             The game lasted 06:23:37 (45836 turns).

feito the Fencer (Tengu Berserker)                 Turns: 45836, Time: 06:23:38

Health: -4/127     AC: -6    Str: 23    XL:     19   Next: 0%
Magic:  25/25      EV: 25    Int: 11    God:    Trog [*****.]
Gold:   2259       SH: 24    Dex: 23    Spells: 18/18 levels left

rFire  . . .     SeeInvis .     J - +3 scimitar (flame)
rCold  x . .     Gourm    .     V - +4 scale mail "Dutaogg" {rPois}
rNeg   + . .     Faith    .     X - +5 shield {reflect}
rPois  +         Spirit   .     (helmet restricted)
rElec  .         Reflect  +     n - +0 cloak
rCorr  .         Harm     .     q - +1 pair of gloves
MR     +++..                    (boots unavailable)
Stlth  +++.......               C - +6 amulet of reflection
                                o - ring "Voyqot" {rC- rN+ Str+5 Dex+2 Stlth+}
                                Z - ring of the Mage {Wiz MR++ Int+3}

@: exhausted, corroded, flying quickly and evasively, slowed, very slow
A: beak, talons 3, able to fly 2
}: 1/15 runes: barnacled
a: Stop Flying, Berserk, Trog's Hand, Brothers in Arms, Burn Spellbooks,
Renounce Religion


You were on level 3 of the Spider Nest.
You worshipped Trog.
Trog was extremely pleased with you.
You were near starving.

You visited 7 branches of the dungeon, and saw 34 of its levels.
You visited 1 bazaar.
You also visited: Trove, Sewer, Ossuary, Bailey and Ice Cave.

You collected 3588 gold pieces.
You spent 1329 gold pieces at shops.

Inventory:

Hand Weapons
 a - a +3 great sword of slicing
 b - the +1 longbow "Ifodgh" {speed, Dex+2}
   (Trog gifted it to you on level 2 of the Orcish Mines)

   Attacks with this weapon are significantly faster.
   It affects your dexterity (+2).
 B - a +4 longbow of flaming
 H - a +2 great sword of freezing
 J - a +3 scimitar of flaming (weapon)
Missiles
 w - 439 arrows
Armour
 n - a +0 cloak (worn)
 q - a +1 pair of gloves (worn)
 x - +0 fire dragon scales
 z - the +1 robe "Saivic" {rF+ rC+ Str+4 Stlth+}
   (You found it on level 4 of the Dungeon)

   It affects your strength (+4).
   It protects you from fire.
   It protects you from cold.
   It makes you more stealthy.
 T - a +0 large shield of cold resistance
 V - the +4 scale mail "Dutaogg" (worn) {rPois}
   (You found it in a bailey)

   It protects you from poison.
 X - a +5 shield of reflection (worn)
Jewellery
 o - the ring "Voyqot" (right hand) {rC- rN+ Str+5 Dex+2 Stlth+}
   (You bought it in a shop in a bazaar)

   [ring of positive energy]

   It affects your strength (+5).
   It affects your dexterity (+2).
   It makes you vulnerable to cold.
   It protects you from negative energy.
   It makes you more stealthy.
 y - an uncursed amulet of harm
 C - a +6 amulet of reflection (around neck)
 D - an uncursed amulet of the gourmand
 N - an uncursed ring of protection from cold
 U - an uncursed ring of positive energy
 Y - an uncursed ring of resist corrosion
 Z - the ring of the Mage (left hand) {Wiz MR++ Int+3}
   (You found it on level 6 of the Lair of Beasts)

   [ring of wizardry]

   It improves your spell success rate.
   It affects your intelligence (+3).
   It affects your resistance to hostile enchantments.
Wands
 L - a wand of enslavement (13/24)
 R - a wand of polymorph (12/24)
Scrolls
 d - 5 scrolls of enchant weapon
 e - 6 scrolls of blinking
 f - 7 scrolls of remove curse
 g - 2 scrolls of recharging
 j - 3 scrolls of teleportation
 l - a scroll of magic mapping
 m - a scroll of vulnerability {unknown}
 p - 6 scrolls of identify
 t - 3 scrolls of silence
 G - 4 scrolls of fear
 I - a scroll of fog
 Q - 2 scrolls of brand weapon
Potions
 i - a potion of heal wounds
 k - a potion of flight {unknown}
 r - 8 potions of curing
 s - 2 potions of resistance
 u - 2 potions of invisibility
 v - 4 potions of haste
 F - 3 potions of cure mutation
 K - a potion of might
 O - 5 potions of agility
Miscellaneous
 A - a disc of storms
 W - a crystal ball of energy
Comestibles
 c - 9 bread rations
 h - 20 fruits
 E - 7 royal jellies
 M - 12 beef jerkies
 P - 13 meat rations


   Skills:
 * Level 16.6 Fighting
 * Level 18.1 Long Blades
 + Level 12.2 Bows
 + Level 13.3 Armour
 + Level 13.4 Dodging
 - Level 5.1 Stealth
 * Level 9.5 Shields
 - Level 7.1 Evocations


You had 18 spell levels left.
You didn't know any spells.

Dungeon Overview and Level Annotations

Branches:
Dungeon (15/15)            Temple (0/1) D:5            Lair (6/6) D:9
 Shoals (4/4) Lair:2       Spider (4/4) Lair:4        Slime (0/5) Lair:6
    Orc (2/2) D:11            Elf (1/3) Orc:2        Vaults (0/5) D:14
 Depths (2/5) D:15

Altars:
Cheibriados
Dithmenos
Elyvilon
Fedhas
Makhleb
Okawaru
Ru
Trog
Vehumet
Xom
Zin
The Shining One
Beogh

Shops:
D:11 (   Orc:2 *![*   Shoals:2 (

Portals:
Hell: Depths:1


Innate Abilities, Weirdness & Mutations

You have a beak for a mouth.
You have claws for feet.
You can fly continuously.


Message History

The entropy weaver misses you. The entropy weaver hits you.
* * * LOW HITPOINT WARNING * * *
The entropy weaver barely misses you. x2
You barely miss the entropy weaver.
You claw the entropy weaver, but do no damage.
Your peck misses the entropy weaver.
The entropy weaver is almost dead.
You are no longer berserk.
You are exhausted.
You feel yourself slow down.
You feel better. The soldier ant misses you.
You block the entropy weaver's attack. x2
The entropy weaver closely misses you. The entropy weaver hits you!
* * * LOW HITPOINT WARNING * * *
The soldier ant completely misses you.
You riposte.
You slash the soldier ant! You burn the soldier ant.
Your kick misses the soldier ant.
You peck the soldier ant, but do no damage.
The soldier ant is severely wounded.
You block the entropy weaver's attack. The entropy weaver hits you!
You die...

##...############..# #..##
#..###...# ##..##..## ##...##
....###..###^...#...## #.....#
......##..##...##....###.....##
.......##......#....###....#..###
.#....####....^##..###....##..#..
###......###...###.^......#..##..
#####......###.a##........##....#
....###....#....@##........#....#
......##...#...a.################
.......##..#...### #....#...#.#.
.#^..####..#...# #....#.......
##..##.#...#..## #....^.#.#..
#...#....^##...#### ##...)#####.
#..##...###.^.....#####..†....###
#..#..#####.......#...##......#
^..##.....####^#...^....##†...#


You could see an entropy weaver and a soldier ant.

Vanquished Creatures
  Jorgrun (Spider:3)
  A lich (Depths:1)
  Agnes (D:15)
  A tengu reaver (Depths:1)
  A storm dragon (shapeshifter) (D:15)
  Donald (Spider:2)
  A fire giant (Depths:1)
  A frost giant (IceCv)
  An emperor scorpion (Spider:4)
  2 entropy weavers
  Nessos (D:12)
  A spark wasp (Spider:3)
  2 crystal guardians (D:15)
  9 merfolk impalers
  An ettin (Depths:1)
  Josephine (D:15)
  4 great orbs of eyes (Depths:1)
  6 hydras
  An ice dragon (Depths:1)
  A merfolk avatar (Shoals:4)
  Erica (D:8)
  4 vault guards (D:14)
  2 rakshasas
  Harold (Orc:1)
  2 centaur warriors
  2 alligator snapping turtles (Shoals:4)
  A catoblepas (D:15)
  2 death yaks (IceCv)
  6 merfolk aquamancers
  2 tengu warriors (D:14)
  5 orc high priests (Orc:2)
  A fire crab (Lair:4)
  5 skeletal warriors
  The ghost of KristoblXynda the Nimble, a novice SpBe of Trog (D:8)
  An unseen horror (D:11)
  6 sea snakes
  An orange crystal statue (D:15)
  13 orc knights
  Pikel (D:7)
  9 hill giants
  A wolf spider zombie (D:14)
  6 deep elf magi
  23 wolf spiders
  10 harpies
  14 fauns
  15 ugly things
  9 orb spiders
  5 cyclopes
  3 orc sorcerers
  A shining eye (Lair:6)
  6 manticores
  A moth of wrath (Spider:2)
  A black mamba (shapeshifter) (D:15)
  8 merfolk sirens
  A torpor snail (Spider:2)
  A water nymph (Shoals:3)
  7 black mambas
  An ice statue (IceCv)
  9 spiny frogs
  2 gargoyles (D:13)
  7 yaktaurs (Depths:1)
  5 rime drakes
  A kobold demonologist (D:15)
  6 komodo dragons
  8 demonic crawlers
  2 tengu conjurers
  18 merfolk
  2 trolls
  21 polar bears
  3 two-headed ogres
  A wind drake (Shoals:3)
  26 jumping spiders
  A queen bee (Lair:2)
  3 meliai (D:15)
  7 hornets
  8 slime creatures
  7 dream sheep
  14 hippogriffs
  8 snapping turtles
  9 blink frogs
  51 redbacks
  13 spriggans (Lair:6)
  A shadow (D:14)
  A centaur simulacrum (D:14)
  A spriggan (shapeshifter) (Depths:1)
  11 water elementals
  2 vampires
  8 wyverns
  4 wraiths
  10 tarantellas
  A fire bat (shapeshifter) (D:15)
  2 steam dragons (D:11)
  72 yaks
  7 basilisks
  Grum (D:8)
  Menkaure (D:5)
  3 wargs (Orc:1)
  3 hungry ghosts
  7 vampire mosquitoes
  A naga (shapeshifter) (D:15)
  A soldier ant (shapeshifter) (D:15)
  10 water moccasins
  3 soldier ants (Spider:4)
  A hornet zombie (D:5)
  41 orc warriors
  8 porcupines
  2 sky beasts
  An ice beast (D:11)
  5 black bears
  4 phantoms
  A slave (D:7)
  19 ogres
  2 eyes of draining (D:11)
  7 boggarts
  59 wolves
  18 centaurs
  15 crocodiles
  9 big kobolds
  Blork the orc (D:6)
  24 bullfrogs
  An elf zombie (Ossuary)
  2 gnoll sergeants
  2 wyvern zombies
  3 wyvern skeletons
  6 scorpions
  42 killer bees
  11 wights
  An electric eel (Spider:2)
  7 howler monkeys
  4 crimson imps
  A bullfrog zombie (D:11)
  2 centaur zombies
  4 jellies
  2 quasits
  Crazy Yiuf (D:3)
  8 centaur skeletons
  2 bullfrog skeletons
  8 hounds
  3 iguanas
  27 orc priests
  8 orc wizards
  17 worker ants
  A hell rat (Lair:2)
  A big kobold zombie (Ossuary)
  A hound zombie (D:5)
  5 hound skeletons
  4 mummies (Ossuary)
  A howler monkey zombie (D:8)
  12 gnolls
  25 adders
  6 shadow imps
  3 oozes
  2 adder skeletons (D:6)
  3 adder zombies (Ossuary)
  2 worms (D:2)
  6 leopard geckos
  89 orcs
  2 ball pythons
  14 giant cockroaches
  A gnoll zombie (Ossuary)
  6 goblins
  11 hobgoblins
  11 jackals
  2 quokkas
  7 bats
  9 frilled lizards
  A hobgoblin zombie (Ossuary)
  3 jackal skeletons
  A jackal zombie (Ossuary)
  70 kobolds
  A leopard gecko skeleton (D:4)
  A leopard gecko zombie (D:7)
  3 orc zombies (Ossuary)
  2 quokka skeletons
  5 rats
  A rat zombie (Ossuary)
  2 fungi
  2 plants
1294 creatures vanquished.

Vanquished Creatures (collateral kills)
  Arachne (Spider:4)
  An entropy weaver (Spider:4)
  A merfolk javelineer (Shoals:4)
  A merfolk impaler (Shoals:4)
  A rakshasa (Depths:1)
  2 satyrs (Shoals:4)
  2 merfolk avatars
  A merfolk aquamancer (Shoals:3)
  2 sea snakes (Shoals:3)
  3 harpies
  3 fauns (Shoals:4)
  2 orb spiders (Spider:4)
  2 manticores
  A water nymph (Shoals:4)
  2 spiny frogs
  A rime drake (D:12)
  6 merfolk
  2 jumping spiders (Spider:4)
  A hornet (Lair:6)
  A wind drake (Shoals:3)
  A hippogriff (Shoals:3)
  2 water elementals (Shoals:3)
  A spriggan (Lair:6)
  9 redbacks (Spider:4)
  A yak (Lair:2)
  A basilisk (Lair:5)
  7 soldier ants (Spider:4)
  A crocodile (Lair:2)
  3 killer bees (Lair:2)
  6 worker ants (Spider:4)
  An adder (Lair:5)
  A river rat (Lair:2)
  A plant (Lair:5)
71 creatures vanquished.

Vanquished Creatures (others)
  A centaur warrior (D:14)
  2 fauns
  A cyclops (Shoals:2)
  3 yaktaurs (Depths:1)
  3 merfolk
  A hornet (D:12)
  A boggart (D:15)
  A worker ant (D:7)
  An orc (Orc:1)
  A kobold (D:7)
  A bush (Lair:4)
  16 fungi
  52 plants
84 creatures vanquished.

Grand Total: 1449 creatures vanquished

Notes
Turn   | Place    | Note
-------+----------+-------------------------------------------
     0 | D:1      | feito the Tengu Berserker began the quest for the Orb.
     0 | D:1      | Reached XP level 1. HP: 14/14 MP: 2/2
   275 | D:1      | Reached XP level 2. HP: 16/19 MP: 3/3
  1042 | D:2      | Reached XP level 3. HP: 23/23 MP: 4/4
  1163 | D:2      | Reached ** piety under Trog
  1560 | D:2      | Reached skill level 4 in Long Blades
  1560 | D:2      | Reached XP level 4. HP: 21/29 MP: 5/5
  1965 | D:3      | Found a bloodstained altar of Trog.
  2064 | D:3      | Found a runed door.
  2114 | D:3      | Found a shimmering altar of Xom.
  2184 | D:3      | Found a radiant altar of Vehumet.
  2301 | D:3      | Reached skill level 1 in Stealth
  2330 | D:3      | Gained mutation: You can fly. [Tengu growth]
  2330 | D:3      | Reached XP level 5. HP: 27/33 MP: 6/6
  2452 | D:3      | Noticed Crazy Yiuf
  2457 | D:3      | Killed Crazy Yiuf
  2544 | D:4      | Got a fabulously ornate robe
  2557 | D:4      | Identified the +1 robe "Saivic" {rF+ rC+ Str+4 Stlth+} (You found it on level 4 of the Dungeon)
  2606 | D:4      | Reached *** piety under Trog
  2607 | D:4      | HP: 2/49 [gnoll/halberd (7)]
  2705 | D:4      | Noticed an ogre
  2713 | D:4      | Killed an ogre
  2713 | D:4      | Reached XP level 6. HP: 38/39 MP: 7/7
  2828 | D:4      | Reached skill level 5 in Long Blades
  3000 | D:4      | Reached skill level 5 in Fighting
  3000 | D:4      | Reached XP level 7. HP: 32/44 MP: 8/8
  3352 | D:4      | Found a burning altar of Makhleb.
  3547 | D:5      | Entered Level 5 of the Dungeon
  3556 | D:5      | Found a sacrificial altar of Ru.
  3576 | D:5      | Found a staircase to the Ecumenical Temple.
  3717 | D:5      | Found an iron altar of Okawaru.
  3744 | D:5      | Noticed Menkaure
  3859 | D:5      | Found a sand-covered staircase.
  3867 | Ossuary  | Entered an ossuary
  3882 | Ossuary  | Reached XP level 8. HP: 51/51 MP: 9/9
  3884 | Ossuary  | Reached skill level 6 in Long Blades
  3884 | Ossuary  | Reached **** piety under Trog
  4453 | D:5      | Killed Menkaure
  4658 | D:5      | Found a snail-covered altar of Cheibriados.
  5267 | D:5      | Reached skill level 7 in Long Blades
  5271 | D:5      | Reached ***** piety under Trog
  5407 | D:5      | Reached skill level 5 in Armour
  5407 | D:5      | Reached skill level 5 in Dodging
  5480 | D:5      | Reached XP level 9. HP: 49/56 MP: 10/10
  6114 | D:6      | Reached skill level 8 in Long Blades
  6308 | D:6      | Noticed Blork the orc
  6318 | D:6      | Killed Blork the orc
  6353 | D:6      | Found a glowing drain.
  6361 | Sewer    | Entered a sewer
  6984 | D:6      | Reached skill level 5 in Stealth
  7207 | D:7      | Found a glowing golden altar of the Shining One.
  7601 | D:7      | Found a blossoming altar of Fedhas.
  7601 | D:7      | Noticed Pikel
  7697 | D:7      | Reached XP level 10. HP: 54/64 MP: 11/11
  7950 | D:7      | Killed Pikel
  7950 | D:7      | Reached skill level 1 in Bows
  8020 | D:7      | Reached skill level 9 in Long Blades
  8217 | D:8      | Received a gift from Trog
  8228 | D:8      | Noticed Erica
  8358 | D:8      | Killed Erica
  8436 | D:8      | Found a shadowy altar of Dithmenos.
  8462 | D:8      | Noticed KristoblXynda's ghost (novice SpBe)
  9288 | D:8      | Noticed Grum
  9300 | D:8      | Killed Grum
  9467 | D:8      | Got an ancient ring mail
  9478 | D:8      | Identified the +5 ring mail of the Valley of Death {rPois Str-5 Int+6} (You found it on level 8 of the Dungeon)
  9693 | D:8      | Killed KristoblXynda's ghost
 10112 | D:9      | Found a white marble altar of Elyvilon.
 10558 | D:9      | Found a staircase to the Lair.
 10579 | D:9      | Reached skill level 10 in Long Blades
 10834 | D:9      | Found a glowing silver altar of Zin.
 10981 | D:9      | Reached XP level 11. HP: 62/71 MP: 12/12
 10997 | D:9      | Identified a scroll of acquirement
 11041 | D:10     | Entered Level 10 of the Dungeon
 11065 | D:10     | Found a portal to a secret trove of treasure.
 11099 | D:10     | Noticed a hill giant
 11221 | D:10     | Found a flagged portal.
 11342 | Bailey   | Entered a bailey
 11603 | Bailey   | Noticed an orc knight
 11632 | Bailey   | Killed an orc knight
 11632 | Bailey   | Reached skill level 1 in Shields
 11715 | Bailey   | Got a twisted crystal plate armour
 11726 | Bailey   | Identified the +2 crystal plate armour of Trog's Envy {Int+2} (You acquired it in a bailey)
 11755 | Bailey   | Found an iron altar of Okawaru.
 11772 | Bailey   | Got a crude scale mail
 11788 | Bailey   | Identified the +4 scale mail "Dutaogg" {rPois} (You found it in a bailey)
 11808 | Bailey   | Gained mutation: You are weak. (Str -2) [potion of mutation]
 11808 | Bailey   | Gained mutation: Scrolls take you a little longer to read. [potion of mutation]
 11808 | Bailey   | Gained mutation: You are robust. (+10% HP) [potion of mutation]
 11819 | Bailey   | Lost mutation: You are weak. (Str -2) [potion of cure mutation]
 11819 | Bailey   | Lost mutation: Scrolls take you a little longer to read. [potion of cure mutation]
 11819 | Bailey   | Lost mutation: You are robust. (+10% HP) [potion of cure mutation]
 12227 | D:10     | Gained mutation: You are dopey. (Int -2) [potion of mutation]
 12227 | D:10     | Gained mutation: You tend to lose your temper in combat. [potion of mutation]
 12227 | D:10     | Gained mutation: You expend magic power (3 MP) to strengthen your wands. [potion of mutation]
 12471 | D:10     | Killed a hill giant
 12471 | D:10     | Reached skill level 10 in Fighting
 12650 | Lair:1   | Entered Level 1 of the Lair of Beasts
 13057 | Lair:1   | Reached skill level 11 in Long Blades
 13163 | Lair:1   | You fall through a shaft!
 13276 | Lair:2   | Reached skill level 5 in Bows
 13458 | Lair:1   | Received a gift from Trog
 14055 | Lair:2   | Reached XP level 12. HP: 69/79 MP: 13/13
 15516 | Lair:2   | Found a staircase to the Shoals.
 15530 | Lair:2   | Reached skill level 12 in Long Blades
 17015 | Lair:4   | Noticed a six-headed hydra
 17278 | Lair:4   | Noticed an eight-headed hydra
 17292 | Lair:4   | Killed a seven-headed hydra
 17292 | Lair:4   | Reached XP level 13. HP: 54/85 MP: 14/14
 17741 | Lair:4   | Found a hole to the Spider Nest.
 17818 | Lair:4   | Reached skill level 13 in Long Blades
 18105 | Spider:1 | Entered Level 1 of the Spider Nest
 18124 | Lair:4   | Got a pair of spiked gloves
 18135 | Lair:4   | Identified the +0 pair of gloves of the Pit {+Fly Str-5 Int+4} (You found it on level 4 of the Lair of Beasts)
 18153 | Lair:4   | Received a gift from Trog
 19178 | Lair:5   | Reached skill level 10 in Dodging
 19684 | Lair:6   | Entered Level 6 of the Lair of Beasts
 19920 | Lair:6   | Reached skill level 10 in Armour
 20600 | Lair:6   | Gained mutation: You can fly continuously. [Tengu growth]
 20600 | Lair:6   | Reached XP level 14. HP: 83/92 MP: 15/15
 20619 | Lair:6   | Got a pitted plate armour
 20685 | Lair:6   | Identified the +6 plate armour of Tiellue {rF- rC+ Int+4 SInv} (You took it off a spriggan rider on level 6 of the Lair of Beasts)
 20851 | Lair:6   | Reached skill level 14 in Long Blades
 20893 | Lair:6   | Received a gift from Trog
 21032 | Lair:6   | Found a staircase to the Slime Pits.
 21082 | Lair:6   | Reached skill level 1 in Evocations
 21467 | Lair:6   | Gained mutation: Armour fits poorly on your strangely shaped body. [a shining eye]
 21475 | Lair:6   | Lost mutation: You are dopey. (Int -2) [potion of cure mutation]
 21475 | Lair:6   | Lost mutation: Armour fits poorly on your strangely shaped body. [potion of cure mutation]
 21475 | Lair:6   | Lost mutation: You tend to lose your temper in combat. [potion of cure mutation]
 21942 | D:11     | Got a crude robe
 21953 | D:11     | Identified the +1 robe "Uryit" {Str+2 Dex+4} (You found it on level 11 of the Dungeon)
 22230 | D:11     | Found a staircase to the Orcish Mines.
 22246 | D:11     | Found Lualomau's Antique Weapon Shop.
 22659 | D:11     | Received a gift from Trog
 23794 | D:12     | Noticed Nessos
 23804 | D:12     | Killed Nessos
 23813 | D:12     | Found a frozen archway.
 23843 | IceCv    | Entered an ice cave
 24393 | IceCv    | Reached XP level 15. HP: 74/100 MP: 18/18
 24636 | IceCv    | Noticed a frost giant
 24652 | IceCv    | Killed a frost giant
 25607 | Orc:1    | Entered Level 1 of the Orcish Mines
 25630 | Orc:1    | Received a gift from Trog
 25647 | Orc:1    | Noticed Harold
 25655 | Orc:1    | Reached skill level 15 in Long Blades
 25668 | Orc:1    | Killed Harold
 26226 | Orc:2    | Entered Level 2 of the Orcish Mines
 26228 | Orc:2    | Paralysed by an orc sorcerer for 3 turns
 26765 | Orc:2    | Reached ****** piety under Trog
 26795 | Orc:2    | Found a roughly hewn altar of Beogh.
 26883 | Orc:2    | Found a staircase to the Elven Halls.
 27189 | Orc:2    | Received a gift from Trog
 27192 | Orc:2    | Got a polished longbow {god gift}
 27193 | Orc:2    | Identified the +1 longbow "Ifodgh" {speed, Dex+2} (Trog gifted it to you on level 2 of the Orcish Mines)
 28038 | Orc:2    | Reached skill level 10 in Bows
 28151 | Orc:2    | Found Kixkoudue's Assorted Antiques.
 28151 | Orc:2    | Found Jupufil's Antique Armour Boutique.
 28152 | Orc:2    | Found Qecetz's Distillery.
 28152 | Orc:2    | Found Quodi's General Store.
 28165 | Orc:2    | Bought a potion of cure mutation for 400 gold pieces
 28167 | Orc:2    | Bought a potion of mutation for 37 gold pieces
 28185 | Orc:2    | Gained mutation: Your body sometimes deteriorates upon taking damage. [potion of mutation]
 28185 | Orc:2    | Gained mutation: Armour fits poorly on your strangely shaped body. [potion of mutation]
 28186 | Orc:2    | Lost mutation: Your body sometimes deteriorates upon taking damage. [potion of cure mutation]
 28186 | Orc:2    | Lost mutation: You expend magic power (3 MP) to strengthen your wands. [potion of cure mutation]
 28186 | Orc:2    | Lost mutation: Armour fits poorly on your strangely shaped body. [potion of cure mutation]
 28256 | Orc:2    | Bought a runed large shield for 367 gold pieces
 28905 | Elf:1    | Entered Level 1 of the Elven Halls
 29232 | D:13     | Reached skill level 5 in Shields
 29637 | D:13     | Received a gift from Trog
 29821 | D:13     | Received a gift from Trog
 29834 | D:13     | Reached skill level 5 in Evocations
 30835 | D:14     | Found a gate to the Vaults.
 30884 | D:14     | Reached XP level 16. HP: 107/107 MP: 20/20
 31807 | Shoals:1 | Entered Level 1 of the Shoals
 32153 | Shoals:1 | Found a flickering gateway to a bazaar.
 32165 | Bazaar   | Entered a bazaar
 32165 | Bazaar   | Found Lejeiri's General Store.
 32165 | Bazaar   | Found Mecim's Antique Armour Boutique.
 32194 | Bazaar   | Found Zewik's Jewellery Emporium.
 32202 | Bazaar   | Found Deseo's Distillery.
 32213 | Bazaar   | Found Viech's Antique Weapon Boutique.
 32241 | Bazaar   | Bought the ring "Voyqot" {rC- rN+ Str+5 Dex+2 Stlth+} for 525 gold pieces
 32280 | Shoals:1 | Received a gift from Trog
 32646 | Shoals:2 | Found Ohacihim's Antique Weapon Shop.
 32934 | Shoals:2 | Received a gift from Trog
 33086 | Shoals:2 | Reached skill level 16 in Long Blades
 34073 | Shoals:3 | Received a gift from Trog
 34101 | Shoals:3 | Reached skill level 15 in Fighting
 34313 | Shoals:3 | Got a crude chain mail
 34325 | Shoals:3 | Identified the +7 chain mail "Zyidwes" {Str+4 Int+3} (You found it on level 3 of the Shoals)
 34530 | Shoals:4 | Entered Level 4 of the Shoals
 34817 | Shoals:4 | Received a gift from Trog
 35241 | Shoals:4 | Reached XP level 17. HP: 83/113 MP: 22/22
 36479 | Shoals:4 | Got a bloodstained robe
 36640 | Shoals:4 | Got a barnacled rune of Zot
 36759 | Shoals:3 | Received a gift from Trog
 37184 | D:10     | You paid a toll of 16 scrolls of teleportation to enter a treasure trove
 37185 | Trove    | Entered a treasure trove
 37262 | Trove    | Identified the +2 robe of the Cockatrice {Str+3 Int+8} (You took it off a merfolk impaler on level 4 of the Shoals)
 37595 | D:15     | Entered Level 15 of the Dungeon
 37750 | D:15     | Noticed Agnes
 37763 | D:15     | Killed Agnes
 38147 | D:15     | Noticed Josephine
 38163 | D:15     | Killed Josephine
 38421 | D:15     | Found a runed door.
 38476 | D:15     | Received a gift from Trog
 39839 | D:15     | Identified the Reference Book on Arcane Weapons and Snow
 39937 | D:15     | Received a gift from Trog
 39982 | D:15     | Got an ichor-stained halberd
 39983 | D:15     | Identified the +7 halberd of the Sky {distort, +Inv Dex+4} (You found it on level 15 of the Dungeon)
 40149 | D:15     | Reached skill level 17 in Long Blades
 40295 | D:15     | Found a staircase to the Depths.
 40390 | D:15     | Upgraded the game from 0.20-a0-201-g851c6fa to 0.20-a0-208-g55166f7
 40602 | Depths:1 | Entered Level 1 of the Depths
 40639 | Depths:1 | Noticed a lich
 40643 | Depths:1 | Killed a lich
 40844 | Depths:1 | Found a gateway to Hell.
 41042 | Depths:1 | Reached XP level 18. HP: 38/120 MP: 24/24
 42032 | D:14     | Received a gift from Trog
 43257 | Spider:2 | Received a gift from Trog
 43705 | Spider:2 | Noticed Donald
 43716 | Spider:2 | Killed Donald
 44275 | Spider:3 | Noticed Jorgrun
 44298 | Spider:3 | Killed Jorgrun
 44738 | Spider:3 | Received a gift from Trog
 44924 | Spider:4 | Entered Level 4 of the Spider Nest
 44950 | Spider:4 | Noticed Arachne
 45004 | Spider:4 | Killed Arachne
 45324 | Spider:4 | Reached skill level 18 in Long Blades
 45514 | Spider:4 | Received a gift from Trog
 45782 | Spider:4 | Received a gift from Trog
 45806 | Spider:4 | Reached XP level 19. HP: 108/127 MP: 25/25
 45836 | Spider:3 | Slain by an entropy weaver

Vault maps used:
D:1:      elethiomel_arrival_shortcut, corexii_hall_statues_x,
          lemuel_flame_loot_1
D:2:      st_stairs_7
D:3:      marbit_many_paths, nicolae_overflow_hidden_temple,
          fiery_altar_vehumet, uniq_crazy_yiuf_cottage
D:4:      lightli_temple_of_fire
D:5:      minmay_goblin_kobold_castle, cheibriados_altar_1,
          okawaru_ov_weapons_minmay, chequers_ossuary_entry_cave, first_bread,
          minmay_misc_feat_chi, nicolae_ru_sacrificial_ziggurat, uniq_menkaure
D:6:      wad_lake_hut, lightli_sewer_entry_pipes, uniq_blork_the_orc
D:7:      fedhas_altar_1, basic_altar, serial_glass, glass_columns_b,
          glass_columns_a, glass_columns_a, glass_columns_b, glass_columns_c,
          glass_columns_a, glass_columns_a, glass_columns_b, uniq_pikel
D:8:      interstate_on_off, grunt_ogre_cave, grunt_dithmenos_smoke, uniq_erica,
          uniq_grum
D:9:      elyvilon_altar_3, zin_treasury, lair_entry_dummy,
          kennysheep_generic_room_6
D:10:     enter_bailey_3, nicolae_trove_entry_crossroad, serial_curves,
          eino_curves_04, eino_curves_01, eino_curves_04, eino_curves_02,
          serial_bayou_ford_a
D:11:     minmay_imperfect_grid, serial_shops, shop, lightli_orcish_oven
D:12:     portal_ice_cave_rime, dk_vineyard_3, uniq_nessos
D:14:     lightli_vaults_fourway_checkpoint
D:15:     gammafunk_enter_depths_forms, spider_trap, minmay_crystal_box,
          uniq_agnes, uniq_josephine
Lair:1:   infiniplex_staircase_pool
Lair:2:   regret_index_bee_streams, minmay_shoals_entry_hut,
          serial_bayou_shore_b, grunt_megastairs_3, infiniplex_staircase_pool_2
Lair:4:   dummy_spider_entry, beast_lair_carwin_9
Lair:5:   minmay_lair_venomous_thicket
Lair:6:   minmay_lair_end_enchanted_forest, dpeg_slime_entry_corner,
          small_statue_intersection
Shoals:1: serial_shops, bzr_entry_customers, uniq_frances
Shoals:2: serial_shops, shop, nicolae_shoals_aquamancer_cove
Shoals:4: shoals_end_grunt_garden, shoals_ilsuiw_alternative,
          nicolae_shoals_siren_and_animal_friends, uniq_ilsuiw
Spider:2: uniq_donald
Spider:3: uniq_jorgrun
Spider:4: grunt_spider_rune_circles, minivault_29, uniq_arachne
Orc:1:    sword_in_stone, uniq_harold
Orc:2:    st_orc_pillars, basic_altar
Elf:1:    elf_arrival_001, hangedman_elf_represent, uniq_aizul, uniq_louise,
          uniq_asterion
Depths:1: minmay_misc_feat_pillars, abyss_entry, hell_entry, xom_teletrap_fun
Depths:2: hangedman_stitches_corridor, enter_ziggurat_c, grunt_pan_entry_spiral,
          grunt_hell_entry_dis_grunt, basic_stair_grate_trap,
          minmay_staircase_bubble
Bazaar:   bazaar_lake
Trove:    trove_books_scrolls
Sewer:    sewer_frog_island_01
Ossuary:  ossuary_minmay_tomb_2a
Bailey:   bailey_axe_3, bailey
IceCv:    ice_cave_caverns_01

Skill      XL: |  1  2  3  4  5  6  7  8  9 10 11 12 13 14 15 16 17 18 |
---------------+-------------------------------------------------------+-----
Long Blades    | 4 5 7 8 10 11 12 13 14 15 16 17 18 | 18.1
Fighting       | 4 5 6 8 9 10 11 12 13 14 15 16 | 16.6
Dodging        | 3 4 5 7 8 9 10 11 12 13 | 13.4
Stealth        | 1 2 4 5 |  5.1
Armour         | 3 4 5 6 7 9 10 11 12 13 | 13.3
Bows           | 3 5 6 8 9 10 11 12 | 12.2
Shields        | 2 3 5 6 7 9 |  9.5
Evocations     | 3 5 6 7 |  7.1

Action                   |  1- 3 |  4- 6 |  7- 9 | 10-12 | 13-15 | 16-18 | 19-21 || total
-------------------------+-------+-------+-------+-------+-------+-------+-------++-------
Melee: Falchion          |    76 |   113 |   348 |    37 |       |       |       ||   574
       Kick              |    23 |    45 |   172 |   188 |   523 |   751 |    16 ||  1718
       Peck              |    17 |    31 |   101 |   120 |   339 |   478 |    10 ||  1096
       Scimitar          |       |       |       |   427 |  1119 |   924 |    19 ||  2489
       Great sword       |       |       |       |       |   138 |   367 |       ||   505
 Fire: Shortbow          |       |       |    11 |    37 |     6 |       |       ||    54
       Longbow           |       |       |       |   112 |   458 |   543 |       ||  1113
Throw: Throwing net      |       |       |       |     1 |       |       |       ||     1
Invok: Berserk           |     2 |     6 |     7 |    17 |    14 |    23 |     1 ||    70
       Trog's Hand       |       |     2 |       |     1 |     2 |    18 |       ||    23
       Burn Spellbooks   |       |       |       |     2 |     2 |    10 |       ||    14
       Brothers in Arms  |       |       |       |     2 |     6 |    14 |       ||    22
 Abil: Fly               |       |     1 |     1 |     1 |     1 |       |       ||     4
  Use: Scroll            |     2 |     2 |       |    16 |    13 |    21 |       ||    54
       Potion            |       |       |       |    13 |     4 |     8 |     1 ||    26
 Stab: Sleeping          |     1 |     8 |    19 |    20 |     5 |     8 |       ||    61
       Distracted        |     1 |       |       |       |     1 |     3 |       ||     5
       Held in net/web   |       |       |       |     2 |       |       |       ||     2
  Eat: Chunk             |     4 |    10 |    16 |    58 |    39 |    29 |       ||   156
       Bread ration      |       |       |     1 |       |     1 |    10 |       ||    12
       Beef jerky        |       |       |     1 |       |       |       |       ||     1
       Fruit             |       |       |     1 |     1 |     1 |     9 |       ||    12
       Pizza             |       |       |       |     1 |       |       |       ||     1
       Royal jelly       |       |       |       |       |     1 |       |       ||     1
       Meat ration       |       |       |       |       |     1 |       |       ||     1
Armor: Animal skin       |     3 |       |       |       |       |       |       ||     3
       Robe              |    14 |     5 |    46 |    32 |     1 |       |       ||    98
       Leather armour    |     6 |    16 |       |       |       |       |       ||    22
       Scale mail        |       |       |       |    16 |   250 |   267 |       ||   533
       Chain mail        |       |       |       |       |       |    18 |       ||    18
       Fire dragon scale |       |       |       |       |       |     7 |       ||     7
Dodge: Dodged            |    55 |    77 |   233 |   321 |   852 |   952 |    17 ||  2507
Block: Large shield      |       |       |       |     1 |       |       |       ||     1
       Other             |       |       |       |       |   292 |   179 |       ||   471
       Reflection        |       |       |       |       |    10 |    55 |       ||    65
       Shield            |       |       |       |       |       |   866 |    27 ||   893
       Rpst.: Falchion   |    19 |    16 |    64 |     7 |       |       |       ||   106
       Scimitar          |       |       |       |    75 |   166 |    91 |     3 ||   335
       Great sword       |       |       |       |       |    26 |    85 |       ||   111
